 Dungeon Crawl Stone Soup version 0.26.1-2-gb8aa6d0cf2 (webtiles) character file.

Game seed: 6021108046077269819

525 Somethingsin the Cleaver (level 7, -2/56 HPs)
             Began as a Hill Orc Gladiator on Feb 8, 2021.
             Slain by an iguana (6 damage)
             ... on level 6 of the Dungeon.
             The game lasted 00:39:51 (4673 turns).

Somethingsin the Cleaver (Hill Orc Gladiator)       Turns: 4673, Time: 00:39:53

Health: -2/56      AC:  8    Str: 19    XL:     7   Next: 22%
Magic:  7/7        EV: 10    Int:  8    God:
Gold:   203        SH:  0    Dex: 12    Spells: 6/6 levels left

rFire    . . .     SeeInvis .   s - +4 quarterstaff (chaos)
rCold    . . .     Faith    .   (shield currently unavailable)
rNeg     . . .     Spirit   .   K - +0 scale mail
rPois    .         Reflect  .   w - +0 helmet (curse)
rElec    .         Harm     .   t - +0 cloak
rCorr    .         Rampage  .   (no gloves)
Will     .....                  (no boots)
Stlth    ..........             (no amulet)
HPRegen  0.18/turn              I - ring of flight (curse)
MPRegen  0.10/turn              (no ring)

@: no status effects
A: no striking features
a: Convert to Beogh, Evoke Flight


You were on level 6 of the Dungeon.
You visited 1 branch of the dungeon, and saw 6 of its levels.

You collected 203 gold pieces.

Inventory:

Hand Weapons
 a - a +0 war axe
 d - a +0 club
 e - a +0 whip
 g - a cursed -2 dagger
 p - a +0 hunting sling
 s - a +4 quarterstaff of chaos (weapon)
 B - a +0 hand axe
 G - a +0 halberd
Missiles
 i - 2 throwing nets (quivered)
 j - 170 stones
 q - 30 sling bullets
 z - 29 bolts
 C - 13 boomerangs
Armour
 b - a +0 leather armour
 c - a +0 helmet
 t - a +0 cloak (worn)
 w - a cursed +0 helmet (worn)
 y - a +0 scale mail
 A - a +0 ring mail
 D - a +0 ring mail
 E - a +0 robe
 F - a +0 ring mail
 K - a +0 scale mail (worn)
Jewellery
 I - a cursed ring of flight (left hand)
Scrolls
 f - 4 scrolls of teleportation {unknown}
 h - 2 scrolls of blinking {unknown}
 k - 6 scrolls of remove curse
 m - 2 scrolls of magic mapping {unknown}
 n - 3 scrolls of fear {unknown}
 u - 2 scrolls of immolation {unknown}
 H - a scroll of enchant weapon {unknown}
 J - a scroll of identify
Potions
 l - a potion of curing
 r - a potion of brilliance {unknown}
 v - a potion of might {unknown}
 x - 2 potions of attraction {unknown}


   Skills:
 - Level 2.4 Fighting
 * Level 10.3 Axes
 - Level 2.0 Throwing
 - Level 2.4 Dodging


You had 6 spell levels left.
You didn't know any spells.
Your spell library was empty.

Dungeon Overview and Level Annotations

Branches:
Dungeon (6/15)
 Temple: D:4-7

Altars:
Gozag
Kikubaaqudgha
Qazlal
Ru
Uskayaw

Annotations:
D:5 Grinder


Message History

The orc hits you but does no damage. Something bites you.
The ooze hits you but does no damage. The orc completely misses you.
Something hits you but does no damage. The orc hits you with a +0 short sword.
* * * LOW HITPOINT WARNING * * *
You hit something. Something bites you but does no damage.
The ooze hits you but does no damage. The orc hits you but does no damage.
The orc priest casts a cantrip, but nothing happens.
Something hits you but does no damage. The orc hits you but does no damage.
Something bites you!
* * * LOW HITPOINT WARNING * * *
As you read the scroll labelled CEGANE LUTUR, it crumbles to dust.
It is a scroll of amnesia.
You feel forgetful for a moment. The ooze hits you but does no damage.
The orc hits you.
* * * LOW HITPOINT WARNING * * *
The orc priest invokes the aid of Beogh against you.
Something writhes in agony.
Something hits you.
* * * LOW HITPOINT WARNING * * *
The orc hits you but does no damage. Something bites you.
You die...

######
#....#
#....#
#..(.#
#....#
#....#
#J@o.#
#{{o.#
#Zo.?#
######....#
..........#
.......<..#
..........#
..........#
..........#


You could see an orc priest, an ooze, 2 orcs and a hound zombie.

Vanquished Creatures
  A centaur (D:5)
  A hound (D:5)
  Crazy Yiuf (D:2)
  A bullfrog skeleton (D:5)
  2 orc wizards
  Natasha (thrice) (D:2)
  2 worker ants (D:4)
  4 gnolls (D:4)
  4 adders
  An ooze (D:4)
  2 worms (D:2)
  A dart slug (D:1)
  3 leopard geckos
  6 orcs
  11 bats
  5 giant cockroaches
  7 goblins
  8 hobgoblins
  3 jackals (D:3)
  6 kobolds
  A quokka (D:3)
  2 ball pythons (D:2)
  3 frilled lizards
  28 rats
106 creatures vanquished.

Notes
Turn   | Place    | Note
-------+----------+-------------------------------------------
     0 | D:1      | Somethingsin the Hill Orc Gladiator began the quest for the
                  | Orb.
     0 | D:1      | Reached XP level 1. HP: 18/18 MP: 1/1
   110 | D:1      | Reached XP level 2. HP: 16/25 MP: 2/2
   574 | D:1      | Reached skill level 5 in Axes
   860 | D:1      | Reached XP level 3. HP: 27/30 MP: 3/3
  1019 | D:2      | Noticed a +0 hand axe
  1020 | D:2      | Noticed a +0 hand axe
  1146 | D:2      | Found a hide-covered altar of Uskayaw.
  1209 | D:2      | Found an opulent altar of Gozag.
  1276 | D:2      | Noticed Natasha
  1293 | D:2      | Killed Natasha
  1294 | D:2      | Reached skill level 6 in Axes
  1294 | D:2      | Reached XP level 4. HP: 21/37 MP: 4/4
  1528 | D:2      | Noticed Natasha
  1533 | D:2      | Killed Natasha
  1534 | D:2      | Reached skill level 7 in Axes
  1552 | D:2      | Noticed Natasha
  1559 | D:2      | Killed Natasha
  1560 | D:2      | Reached XP level 5. HP: 39/42 MP: 5/5
  1986 | D:2      | Found a runed translucent door.
  1987 | D:2      | Noticed Crazy Yiuf
  2000 | D:2      | Killed Crazy Yiuf
  2368 | D:3      | Found an opulent altar of Gozag.
  2661 | D:3      | Reached skill level 8 in Axes
  3074 | D:3      | Reached XP level 6. HP: 50/50 MP: 6/6
  3194 | D:3      | Noticed a phantom
  3234 | D:4      | Found a stormy altar of Qazlal.
  3366 | D:4      | Reached skill level 9 in Axes
  3622 | D:4      | Found a sacrificial altar of Ru.
  3982 | D:4      | Found an ancient bone altar of Kikubaaqudgha.
  4296 | D:5      | Entered Level 5 of the Dungeon
  4296 | D:5      | Noticed Grinder
  4495 | D:5      | Reached skill level 10 in Axes
  4495 | D:5      | Reached XP level 7. HP: 49/56 MP: 7/7
  4673 | D:6      | Slain by an iguana

Illustrated notes

Levels and vault maps discovered:
D:1:      nicolae_arrival_memento_mori, layout_loops_ring, minmay_door_square,
          minmay_misc_feat_ornament, chequers_decorated_corner
D:2:      layout_basic, dancing_weapons_uskayaw, grunt_gozag_statues,
          uniq_natasha, uniq_crazy_yiuf_cottage
D:3:      layout_loops_cross, lemuel_round_altar, minmay_rat_hole
D:4:      layout_gridville, kennysheep_mini, kiku_gazebo_pond_becter,
          nicolae_ru_great_annihilating_truth
D:5:      layout_cave_pools, minmay_temple_entry_glassed_door, serial_shops,
          shop_fountains, uniq_edmund, uniq_grinder
D:6:      gammafunk_cloud_chamber, layout_gridville,
          gammafunk_ghost_nasty_kobolds, minmay_misc_feat_secret_circle,
          uniq_duvessa

Skill      XL: |  1  2  3  4  5  6 |
---------------+-------------------+-----
Throwing       | 2 |  2.0
Axes           | 5 6 7 8 10 | 10.3
Fighting       | |  2.4
Dodging        | |  2.4

Action                   |  1- 3 |  4- 6 |  7- 9 || total
-------------------------+-------+-------+-------++-------
Melee: War axe           |   101 |    42 |       ||   143
       Quarterstaff      |       |   129 |    12 ||   141
Throw: Throwing net      |     3 |       |       ||     3
  Use: Scroll            |     2 |       |     1 ||     3
       Potion            |     1 |     1 |     1 ||     3
 Stab: Confused          |       |     1 |       ||     1
       Paralysed         |       |     1 |       ||     1
Armor: Leather armour    |    45 |    12 |       ||    57
       Scale mail        |       |    70 |    18 ||    88
Dodge: Dodged            |    62 |    69 |    10 ||   141
